Construct Section Command Post
Selects Air and Sea Battlegroup
Construct Field Infirmary
Selects Commando Section Paradrop
Commando Section Paradrop
Construct Platoon Command Post
Selects M1 Pack Howitzer Paradrop
Commando Section Paradrop
6-pounder Anti-tank Gun Team
Selects Anti-tank Rocket Loiter
6-pounder Anti-tank Gun Team
Construct Company Command Post
Commando Section Paradrop
Selects Naval Bombardment
M1 Pack Howitzer Paradrop